Map: Ephemeron LE

Players

ShoWTimE - Winner!

  • Race: Protoss Protoss
  • Spawn Location: 5:00

Armani

  • Race: Zerg Zerg
  • Spawn Location: 11:00

Event: IEM Katowice 2020

VOD

Have the link to the VOD?

Description

Time

  • Played on: Feb. 27, 2020, 11:45 a.m.
  • Length: 15:25

All games in this series

Show
View Real Time Build Order
Export as new Build Order

ShoWTimE Protoss - Winner!

Build Orders: 1 Gate Expand, Oracle Opening 

Get SALT Encoding   

  12  0:00  Probe  
  13  0:12  Probe  
  14  0:18  Pylon  
  14  0:24  Probe (Chrono Boost)  
  15  0:36  Probe (Chrono Boost)  
  15  0:38  Gateway  
  16  0:45  Probe (Chrono Boost)  
  16  0:46  Assimilator  
  17  0:51  Probe  
  18  1:03  Probe  
  19  1:15  Probe  
  20  1:22  Nexus  
  20  1:33  Cybernetics Core  
  20  1:36  Probe  
  21  1:42  Assimilator  
  21  1:48  Probe  
  21  1:50  Pylon  
  22  2:00  Probe  
  23  2:07  Adept (Chrono Boost)  
  23  2:12  Probe  
  26  2:20  Stargate  
  26  2:25  Probe (Chrono Boost)  
  26  2:27  Adept (Chrono Boost)  
  27  2:33  Warp Gate  
  27  2:35  Probe (Chrono Boost)  
  31  2:42  Probe (Chrono Boost)  
  32  2:44  Probe (Chrono Boost)  
  32  2:49  Probe x2 (Chrono Boost), Adept  
  36  2:59  Pylon  
  36  3:00  Probe  
  36  3:01  Probe  
  36  3:03  Oracle (Chrono Boost)  
  41  3:13  Probe x2  
  41  3:19  Adept  
  45  3:23  Gateway  
  45  3:25  Probe  
  45  3:26  Probe  
  47  3:34  Oracle (Chrono Boost)  
  47  3:37  Probe  
  47  3:38  Probe  
  52  3:47  Pylon  
  52  3:49  Probe  
  52  3:50  Probe  
  54  4:03  Nexus  
  54  4:05  Probe x2  
  56  4:10  Pylon  
  56  4:11  Oracle  
  59  4:17  Probe x2  
  59  4:20  Assimilator  
  59  4:22  Assimilator  
  61  4:26  Robotics Facility  
  61  4:29  Probe x2  
  63  4:32  Stalker  
  63  4:38  Pylon  
  65  4:41  Probe x2  
  67  4:51  Forge  
  67  4:53  Probe  
  67  4:54  Probe  
  67  4:55  Gateway  
  67  4:59  Shield Battery  
  69  5:02  Adept x2  
  69  5:06  Probe x2  
  75  5:17  Observer (Chrono Boost)  
  75  5:18  Probe x3  
  79  5:26  Sentry  
  79  5:27  Sentry  
  85  5:35  Immortal (Chrono Boost)  
  86  5:44  Photon Cannon  
  86  5:47  Photon Cannon  
  83  5:50  Sentry x2, Shield Battery  
  83  5:53  Shield Battery  
  85  6:05  Immortal (Chrono Boost)  
  85  6:06  Pylon  
  89  6:11  Pylon  
  89  6:12  Protoss Ground Weapons Level 1  
  89  6:15  Robotics Bay  
  89  6:16  Pylon  
  89  6:18  Shield Battery  
  87  6:22  Stalker x2  
  91  6:29  Gateway  
  91  6:38  Sentry  
  93  6:46  Pylon x3  
  93  6:47  Pylon  
  93  6:48  Pylon  
  93  6:49  Pylon  
  93  6:51  Photon Cannon  
  93  6:57  Pylon  
  93  7:00  Disruptor (Chrono Boost)  
  91  7:07  Zealot  
  94  7:18  Gateway  
  94  7:24  Zealot  
  94  7:28  Gateway, Zealot, Disruptor (Chrono Boost)  
  101  7:30  Gateway  
  101  7:43  Probe x2  
  103  7:44  Nexus  
  103  7:46  Pylon  
  103  7:49  Pylon  
  103  7:54  Warp Prism (Chrono Boost)  
  103  7:58  Pylon, Cybernetics Core  
  105  7:59  Pylon  
  105  8:00  Zealot x2  
  109  8:06  Probe  
  109  8:07  Probe  
  109  8:09  Photon Cannon  
  111  8:19  Probe x2  
  113  8:25  Gateway, Disruptor  
  113  8:30  Pylon  
  113  8:38  Probe x2  
  113  8:41  Protoss Ground Armor Level 1 (Chrono Boost)  
  113  8:44  Twilight Council  
  113  8:46  Stalker x2  
  113  8:47  Stalker x3  
  123  8:52  Probe  
  123  8:53  Probe  
  125  8:57  Probe  
  125  9:01  Assimilator  
  126  9:05  Assimilator  
  126  9:09  Probe x3  
  129  9:26  Probe  
  129  9:29  Adept  
  129  9:30  Adept  
  134  9:32  Immortal (Chrono Boost)  
  134  9:34  Gateway  
  134  9:36  Gateway  
  138  9:38  Templar Archives  
  138  9:39  Pylon  
  138  9:43  Charge (Chrono Boost)  
  138  9:47  Probe x2, Pylon  
  140  9:59  Gateway, Photon Cannon  
  140  10:06  Photon Cannon  
  140  10:08  Nexus  
  140  10:09  Observer (Chrono Boost)  
  140  10:11  Pylon  
  141  10:15  Probe x3  
  141  10:16  High Templar x3  
  141  10:18  High Templar  
  152  10:22  Archon  
  152  10:23  Archon  
  152  10:24  Shield Battery  
  152  10:28  High Templar x2  
  156  10:32  Archon  
  156  10:38  Stalker x2  
  160  10:44  Probe  
  151  10:50  Probe  
  151  10:55  Probe  
  153  10:58  High Templar x3  
  153  10:59  High Templar  
  153  11:01  Protoss Ground Weapons Level 2 (Chrono Boost)  
  153  11:02  Probe  
  153  11:03  Assimilator  
  153  11:04  Archon x2  
  162  11:09  Assimilator  
  162  11:11  Blink (Chrono Boost)  
  162  11:20  Probe x2  
  162  11:24  Gateway x2, High Templar  
  162  11:25  High Templar  
  168  11:29  Archon  
  168  11:36  Zealot x4  
  168  11:37  Zealot  
  178  11:54  Photon Cannon  
  178  11:55  Stalker  
  170  12:02  High Templar x2  
  170  12:03  Zealot x2  
  176  12:09  Archon  
  176  12:10  Gateway  
  176  12:11  Gateway  
  176  12:14  Probe x2  
  176  12:15  Probe  
  179  12:18  Pylon  
  179  12:22  Zealot x6  
  187  12:25  Probe  
  187  12:26  Probe x2  
  187  12:27  Probe  
  183  12:31  Zealot x2  
  183  12:35  Zealot x2  
  191  12:42  Probe  
  191  12:44  Zealot x2  
  188  12:45  Zealot  
  188  12:51  Warp Prism (Chrono Boost)  
  186  12:59  High Templar x6  
  186  13:03  Archon  
  186  13:04  Archon x2  
  194  13:07  High Templar x3  
  194  13:11  Archon  
  200  13:20  High Templar  
  200  13:29  Fleet Beacon  
  200  13:32  Stargate  
  190  13:34  Stargate  
  190  13:39  Probe, Zealot x3  
  190  13:40  Probe  
  165  13:48  Probe  
  165  13:49  Probe  
  165  13:52  Probe  
  156  13:58  Zealot x8  
  144  14:10  Probe  
  140  14:20  Probe x3  
  140  14:22  Probe, Stalker x3  
  137  14:31  Zealot x3  
  141  14:32  Probe  
  118  14:49  High Templar x9  
  123  14:53  Archon x4  
  123  14:59  High Templar  
  112  15:07  Archon, Stalker x2  
Show
View Real Time Build Order
Export as new Build Order

Armani Zerg 

Build Orders: Hatch First 

Get SALT Encoding   

  12  0:00  Drone  
  13  0:13  Overlord  
  13  0:17  Drone  
  14  0:31  Drone x2  
  16  0:48  Hatchery  
  15  0:52  Drone  
  15  0:55  Drone  
  17  0:58  Drone  
  18  1:10  Extractor  
  17  1:14  Spawning Pool  
  17  1:17  Drone  
  17  1:20  Drone  
  18  1:30  Drone  
  19  1:40  Drone  
  20  1:49  Hatchery  
  20  1:52  Drone  
  20  2:03  Queen  
  20  2:06  Drone  
  23  2:11  Drone  
  24  2:17  Queen  
  24  2:22  Overlord  
  26  2:27  Metabolic Boost  
  26  2:30  Zergling x2  
  26  2:33  Zergling x2  
  28  2:42  Drone x2  
  28  2:43  Drone  
  33  2:53  Zergling x4  
  33  2:56  Queen  
  35  2:58  Overlord  
  35  3:01  Drone  
  35  3:02  Drone  
  37  3:08  Queen  
  37  3:11  Drone  
  40  3:16  Overlord  
  40  3:18  Drone  
  41  3:22  Spore Crawler  
  41  3:25  Spore Crawler  
  41  3:26  Drone  
  40  3:32  Queen  
  42  3:35  Drone  
  42  3:37  Zergling x2  
  42  3:39  Zergling x2  
  45  3:44  Overlord  
  45  3:48  Drone  
  46  3:49  Drone  
  46  3:54  Spore Crawler  
  45  3:56  Drone  
  45  3:58  Drone x2  
  45  3:59  Drone  
  45  4:01  Overlord  
  49  4:03  Drone  
  49  4:05  Drone  
  51  4:10  Drone  
  51  4:11  Zergling x4  
  51  4:13  Drone  
  51  4:14  Drone  
  56  4:19  Drone x2  
  58  4:24  Drone  
  58  4:25  Drone  
  58  4:29  Drone  
  61  4:31  Extractor, Roach Warren  
  61  4:32  Overlord  
  61  4:33  Extractor  
  61  4:35  Overlord  
  58  4:44  Overlord  
  58  4:48  Zergling x12  
  58  4:50  Drone x2  
  66  4:53  Overlord  
  66  4:56  Drone x2  
  67  5:16  Roach x2  
  67  5:17  Roach x6  
  83  5:25  Roach x4  
  87  5:29  Zergling x6  
  87  5:33  Queen  
  91  5:40  Ravager x3  
  92  5:46  Zergling x10  
  92  5:48  Ravager  
  94  6:01  Ravager  
  93  6:04  Zergling x10  
  98  6:11  Overlord  
  98  6:24  Lair  
  98  6:25  Overlord  
  98  6:29  Queen x2  
  98  6:31  Ravager, Drone  
  98  6:32  Drone x2  
  106  6:39  Overlord  
  106  6:41  Overlord  
  106  6:45  Drone x8  
  106  6:46  Evolution Chamber  
  112  6:49  Ravager  
  113  6:57  Overlord  
  113  6:58  Drone x2  
  113  7:00  Drone  
  115  7:02  Drone  
  115  7:08  Overlord  
  112  7:09  Drone  
  112  7:11  Drone  
  111  7:16  Drone  
  104  7:23  Glial Reconstitution  
  104  7:26  Overseer  
  104  7:28  Zerg Melee Weapons Level 1  
  102  7:31  Baneling Nest  
  102  7:33  Drone x5  
  102  7:34  Drone  
  102  7:35  Extractor  
  102  7:36  Extractor  
  105  7:38  Roach x3  
  105  7:41  Roach  
  105  7:42  Roach x4  
  119  7:44  Overseer  
  119  7:45  Drone  
  119  7:52  Ravager  
  119  7:53  Drone  
  119  7:55  Drone  
  122  7:59  Drone  
  122  8:01  Hatchery  
  123  8:05  Ravager  
  123  8:06  Roach  
  123  8:07  Roach x4  
  133  8:13  Zergling x4  
  135  8:20  Centrifical Hooks  
  135  8:22  Zergling x6  
  135  8:24  Overlord  
  138  8:27  Overlord  
  138  8:34  Zergling x6  
  138  8:43  Extractor, Drone x3  
  138  8:44  Drone x2  
  138  8:46  Drone x5  
  138  8:47  Drone  
  148  8:49  Pneumatized Carapace  
  148  8:54  Drone  
  148  8:55  Ravager x5  
  154  8:56  Drone, Evolution Chamber  
  154  8:58  Overlord  
  154  9:04  Hatchery  
  154  9:08  Zergling x2  
  154  9:12  Overlord  
  154  9:16  Zergling x6  
  154  9:17  Zergling x16  
  165  9:21  Overlord  
  163  9:24  Overlord  
  163  9:27  Overlord  
  163  9:30  Spore Crawler, Overlord  
  162  9:34  Zerg Melee Weapons Level 2  
  162  9:41  Drone x8  
  162  9:44  Zerg Missile Weapons Level 1  
  170  9:46  Drone x2  
  170  9:47  Drone  
  170  9:48  Infestation Pit  
  170  9:52  Hatchery  
  171  10:02  Zergling x2  
  171  10:03  Zergling x20  
  171  10:05  Baneling x4  
  171  10:07  Baneling x4  
  182  10:10  Drone  
  182  10:11  Extractor, Drone  
  182  10:12  Spine Crawler  
  182  10:14  Spine Crawler  
  182  10:15  Baneling x13  
  182  10:17  Zergling x2  
  182  10:18  Zergling x2  
  182  10:19  Zergling x2  
  184  10:28  Hive  
  184  10:33  Drone x2  
  184  10:35  Spire  
  184  10:40  Drone x2  
  179  10:52  Zergling x24  
  179  10:54  Overlord  
  187  11:04  Overlord  
  187  11:15  Zergling x8  
  187  11:16  Zergling x10  
  191  11:25  Zergling x18  
  200  11:30  Baneling x2  
  200  11:33  Overseer  
  196  11:47  Zergling x8  
  196  11:49  Baneling  
  196  11:50  Baneling x3  
  200  11:54  Zerg Melee Weapons Level 3  
  200  11:55  Adrenal Glands  
  200  11:56  Zerg Missile Weapons Level 2  
  200  11:57  Greater Spire  
  200  12:00  Drone x4  
  199  12:01  Spore Crawler  
  198  12:22  Mutalisk  
  198  12:26  Extractor  
  198  12:28  Baneling  
  196  12:31  Extractor, Baneling x7  
  196  12:32  Baneling x3, Overlord  
  193  12:38  Overlord x6  
  193  12:39  Overlord  
  193  12:42  Overlord  
  189  12:49  Baneling x7  
  189  12:50  Baneling x3  
  189  12:52  Overlord x2  
  189  12:57  Baneling  
  186  12:58  Baneling  
  186  13:02  Corruptor x7  
  197  13:12  Zerg Flyer Weapons Level 1  
  191  13:26  Spine Crawler, Drone x3  
  191  13:27  Drone x3  
  190  13:28  Spine Crawler x2  
  190  13:31  Zergling x24  
  197  13:38  Brood Lord x2  
  193  13:43  Brood Lord  
  193  13:44  Brood Lord x3  
  193  13:46  Zergling x32  
  193  13:47  Zergling x2  
  194  13:53  Zergling x10  
  187  14:02  Drone  
  132  14:18  Zergling x30  
  132  14:19  Zergling x10  
  143  14:30  Zergling x10  
  146  14:32  Queen x2  
  146  14:44  Zergling x12  
  112  14:54  Zergling x2  
  112  14:55  Zergling x8  
  117  15:04  Zergling x12  

Tags
 
Add a new tag
Caveats
  • Supply blocks, unpowered buildings, or Contaminate may cause inaccurate times.
  • Supply counts are checked every 10 seconds.